 Dungeon Crawl Stone Soup version 0.25.0-1-g7eea58d (webtiles) character file.

Game seed: 8228259395906890575

23 Illumine the Insei (level 2, 8/23 HPs)
             Began as a Gnoll Transmuter on June 17, 2020.
             Quit the game on level 2 of the Dungeon.
             The game lasted 00:01:49 (816 turns).

Illumine the Insei (Gnoll Transmuter)                Turns: 816, Time: 00:01:50

Health: 8/23       AC:  2    Str: 12    XL:     2   Next: 95%
Magic:  3/7        EV: 14    Int: 15    God:
Gold:   88         SH:  0    Dex: 15    Spells: 7/10 levels left

rFire    . . .     SeeInvis .     - Unarmed
rCold    . . .     Gourm    .   (no shield)
rNeg     . . .     Faith    .   b - +0 robe
rPois    .         Spirit   .   (no helmet)
rElec    .         Reflect  .   (no cloak)
rCorr    .         Harm     .   (no gloves)
MR       .....                  (no boots)
Stlth    ++........             (no amulet)
HPRegen  0.07/turn              (no ring)
MPRegen  0.10/turn              (no ring)

@: seriously poisoned (8 -> 1)
A: distributed training, fangs 1, strong nose
a: no special abilities


You were on level 2 of the Dungeon.
You were not hungry.

You visited 1 branch of the dungeon, and saw 2 of its levels.

You collected 88 gold pieces.

Inventory:

Hand Weapons
 k - a +0 hunting sling
Missiles
 a - 10 arrows
 e - 52 stones (quivered)
 l - 25 sling bullets
Armour
 b - a +0 robe (worn)
Jewellery
 g - an uncursed ring of see invisible {unknown}
Scrolls
 m - a scroll of immolation {unknown}
Potions
 c - a potion of magic {unknown}
 h - 3 potions of curing {unknown}
 i - a potion of might {unknown}
 j - 2 potions of stabbing {unknown}
Comestibles
 d - 6 rations
 f - 3 chunks of flesh


   Skills:
 + Level 2.5 Fighting
 + Level 0.5 Short Blades
 + Level 0.5 Long Blades
 + Level 0.5 Axes
 + Level 0.5 Maces & Flails
 + Level 0.5 Polearms
 + Level 0.5 Staves
 + Level 0.5 Slings
 + Level 0.5 Bows
 + Level 0.5 Crossbows
 + Level 0.5 Throwing
 + Level 0.5 Armour
 + Level 4.5 Dodging
 + Level 0.5 Stealth
 + Level 0.5 Shields
 + Level 6.5 Unarmed Combat
 + Level 4.9 Spellcasting
 + Level 0.4 Conjurations
 + Level 0.4 Hexes
 + Level 0.4 Charms
 + Level 0.4 Summonings
 + Level 0.4 Necromancy
 + Level 0.4 Translocations
 + Level 3.7 Transmutations
 + Level 0.4 Fire Magic
 + Level 0.4 Ice Magic
 + Level 0.4 Air Magic
 + Level 0.4 Earth Magic
 + Level 0.4 Poison Magic
 + Level 0.7 Invocations
 + Level 0.5 Evocations


You had 7 spell levels left.
You knew the following spells:

 Your Spells              Type           Power        Failure   Level  Hunger
a - Beastly Appendage     Tmut           ##....       3%          1    None
b - Sticks to Snakes      Tmut           ##......     5%          2    ##.....

Your spell library contained the following spells:

 Spells                   Type           Power        Failure   Level  Hunger
 Spider Form              Tmut/Pois      #.........   22%         3    ###....
 Ice Form                 Ice/Tmut       #.......     56%         4    ####...
 Blade Hands              Tmut           ##........   69%         5    ######.


Dungeon Overview and Level Annotations

Branches:
Dungeon (2/15)

Altars:


Innate Abilities, Weirdness & Mutations

Your experience applies equally to all skills.
You have very sharp teeth.
Your uncanny sense of smell can sniff out nearby items.


Message History

The adder hisses angrily. 3 jackals and a hobgoblin come into view.
The jackal barks!
Found 6 gold pieces.
The hobgoblin hits you with a +0 club. The hobgoblin closely misses you.
Casting: Beastly Appendage (safe; 3% risk of failure)
Confirm with . or Enter, or press ? or * to list all spells.
You create a snake!
You now have 11 arrows.
The jackal barks!
The jackal bites you. The adder completely misses you.
Casting: Sticks to Snakes (safe; 5% risk of failure)
Confirm with . or Enter, or press ? or * to list all spells.
You create a snake!
You now have 10 arrows.
The hobgoblin hits you but does no damage.
The jackal misses you. The adder bites you.
You are poisoned.
The adder poisons you!
Your ball python bites the jackal.
Your ball python closely misses the jackal.
Are you sure you want to abandon this character and quit the game? (Confirm with "yes".)

.# ..#.# +# ).#.# #
# .#.. #.#.#.# .#.
#(#.#.## ..
........
.#####.#S..########
.........# #..g@S#
.###.....# #..Shh#
####.#.######....S#
.......)..........+
######.######...h.#
...# #.....# ###.#
#.....# ∆ .##
#.....# . #.....#


You could see an adder, 3 jackals, a hobgoblin, a friendly adder and a friendly
ball python.

Vanquished Creatures
  A dart slug (D:1)
  2 leopard geckos
  A giant cockroach (D:1)
  3 goblins
  2 hobgoblins
  4 bats
  4 frilled lizards
  A kobold (D:1)
18 creatures vanquished.

Notes
Turn   | Place    | Note
-------+----------+-------------------------------------------
     0 | D:1      | Illumine the Gnoll Transmuter began the quest for the Orb.
     0 | D:1      | Reached XP level 1. HP: 17/17 MP: 6/6
    87 | D:1      | Reached XP level 2. HP: 17/23 MP: 7/7
   775 | D:2      | Learned a level 2 spell: Sticks to Snakes
   816 | D:2      | Quit the game

Illustrated notes

Levels and vault maps discovered:
D:1:      dpeg_arrival_rooms_c, layout_rooms, hex_tiny, minmay_tetromino_t2
D:2:      layout_basic

Action                   || total
-------------------------++-------
Melee: Unarmed           ||    41
       Kick              ||     5
       Bite              ||     3
       Headbutt          ||     1
 Cast: Beastly Appendage ||    10
       Sticks to Snakes  ||     2
Armor: Robe              ||     8
Dodge: Dodged            ||    45
